 Dungeon Crawl Stone Soup version 0.31-a0-167-g1c394c0614 (webtiles) character file.

Game seed: 11438635000631660850

1429 qw the Cleaver (level 8, -2/51 HPs)
             Began as a Gargoyle Fighter on June 14, 2023.
             Was a Follower of Okawaru.
             Slain by an orc warrior
             ... wielding a +0 scimitar
              (7 damage)
             ... on level 7 of the Dungeon.
             The game lasted 00:02:01 (5254 turns).

qw the Cleaver (Gargoyle Fighter)                   Turns: 5254, Time: 00:02:01

Health: -2/51      AC: 17    Str: 22    XL:     8   Next: 73%
Magic:  7/9        EV: 10    Int:  9    God:    Okawaru [*.....]
Gold:   329        SH:  5    Dex:  9    Spells: 7/7 levels left

rFire   . . .        Y - +2 war axe (elec)
rCold   . . .        c - +0 buckler
rNeg    + . .        i - +0 chain mail
rPois   inf          (no helmet)
rElec   +            (no cloak)
rCorr   .            a - +0 pair of gloves
SInv    .            (no boots)
Will    .....        e - amulet of the acrobat Stlth
                     (no ring)
HPRegen 0.28/turn    (no ring)
MPRegen 0.11/turn

%: acrobat
@: about to teleport, heroic
A: sickness immunity, AC +5, negative energy resistance 1, electricity
resistance, torment resistance 1, petrification resistance
a: Renounce Religion, Heroism


You were on level 7 of the Dungeon.
You worshipped Okawaru.
Okawaru was aware of your devotion.
You visited 2 branches of the dungeon, and saw 8 of its levels.

You collected 329 gold pieces.


Innate Abilities, Weirdness & Mutations

You are immune to sickness and miasma.
Your stone body is resilient. (AC +5)
You are immune to poison.
You resist negative energy. (rN+)
You are resistant to electric shocks. (rElec)
You are resistant to unholy torment.
You are immune to petrification.


   Skills:
 - Level 6.0(11.0) Fighting
 - Level 8.0(13.0) Axes
 - Level 2.3(7.3) Throwing
 + Level 3.3(8.3) Armour
 - Level 1.0(6.0) Dodging
 - Level 3.2(8.2) Shields
 + Level 1.9 Invocations


You had 7 spell levels left.
You didn't know any spells.
Your spell library was empty.

Inventory:

Hand Weapons
 m - a +0 flail
 Y - a +2 war axe of electrocution (weapon)
Missiles
 f - 6 boomerangs
 j - 2 javelins (quivered)
Armour
 a - a +0 pair of gloves (worn)
 c - a +0 buckler (worn)
 i - a +0 chain mail (worn)
Jewellery
 e - an amulet of the acrobat (around neck)
Scrolls
 n - 5 scrolls of identify
Potions
 d - 2 potions of might
 h - 2 potions of lignification
 k - a potion of curing

Dungeon Overview and Level Annotations

Branches:
Dungeon (7/15)             Temple (1/1) D:5

Altars:
Cheibriados
Elyvilon
Fedhas
Kikubaaqudgha
Okawaru
Qazlal
Ru
Sif Muna
Trog
Uskayaw
Wu Jian
Xom
Zin
The Shining One

Annotations:
D:6 3 runed translucent doors, qw's ghost, novice MiHu


Message History

5246 ||| READING 2 scrolls of teleportation.
As you read the scroll of teleportation, it crumbles to dust.
You feel strangely unstable. The white imp barely misses you.
5247 ||| INVOKING Heroism.
You gain the combat prowess of a mighty hero.
The white imp hits you but does no damage.
You slash the white imp!
The white imp is severely wounded.
The white imp gestures at you. The puff of frost hits you!
You closely miss the white imp.
The white imp is severely wounded.
The white imp misses you.
You hit the white imp.
You kill the white imp!
Okawaru accepts your kill.
Your surroundings suddenly seem different.
An orc warrior, 2 orcs and an orc wizard come into view.
The orc shouts! x2; The orc wizard shouts!
You hear an angry hiss.
A water moccasin comes into view.
5251 ||| READING scroll of teleportation.
As you read the scroll of teleportation, it crumbles to dust.
You feel strangely unstable. The orc barely misses you.
You slash the orc!
You kill the orc!
An orc priest comes into view. It is wielding a +0 club.
You closely miss the water moccasin.
The orc priest shouts!
You hit the orc.
The water moccasin bites you but does no damage.
The orc hits you but does no damage.
You slash the orc!
You kill the orc!
Okawaru accepts your kill.
You hit the orc warrior. You slash the water moccasin!
The water moccasin bites you but does no damage.
The orc warrior hits you with a +0 scimitar!
You die...

#######
#.....######
#...@o.o....
.......)S######
.###.....o. ###
#.....### ...
####... #.#
###.. ##[. ..
#.# .#. .######


You could see an orc warrior, a water moccasin, an orc priest and an orc wizard.

Vanquished Creatures
  Sigmund (D:5)
  A vampire (D:7)
  An orc warrior (D:7)
  A black bear (D:4)
  An ice beast (D:6)
  A phantom (D:5)
  A bullfrog (D:6)
  Blork the orc (D:5)
  2 scorpions (D:5)
  4 howler monkeys
  A jelly (D:4)
  A hound (D:5)
  3 orc priests (D:7)
  An iguana (D:4)
  A sleepcap (D:5)
  7 adders
  A shadow imp (D:6)
  2 white imps
  2 worms
  A dart slug (D:3)
  14 orcs
  6 endoplasms
  6 goblins
  8 hobgoblins
  4 jackals (D:1)
  2 quokkas
  5 ball pythons
  6 bats
  6 frilled lizards
  8 kobolds
  5 rats
104 creatures vanquished.

Notes
Turn   | Place    | Note
-------+----------+-------------------------------------------
     0 | D:1      | qw the Gargoyle Fighter began the quest for the Orb.
     0 | D:1      | Reached XP level 1. HP: 14/14 MP: 1/1
     0 | D:1      | 0 ||| qw: Version: 0.2-a-29-g1fa15c8
     0 | D:1      | 0 ||| qw: Game counter: 5059
     0 | D:1      | 0 ||| qw: Always use a shield: true
     0 | D:1      | 0 ||| qw: God list: Okawaru
     0 | D:1      | 0 ||| qw: Allow faded altars: false
     0 | D:1      | 0 ||| qw: Do Orc after D:15 true
     0 | D:1      | 0 ||| qw: Do second Lair branch before Depths: true
     0 | D:1      | 0 ||| qw: Lair rune preference: random
     0 | D:1      | 0 ||| qw: Plans: Normal, Zot:1-4, Slime:5, God:TSO, Crypt,
                  | Tomb, Abyss, Pan, Hells, Win
     0 | D:1      | 0 ||| PLANNING D:1-11
    11 | D:1      | 11 ||| Stepping ~*~*~tactically~*~*~ (stealth).
    21 | D:1      | Reached skill level 2 in Axes
    32 | D:1      | Reached XP level 2. HP: 12/19 MP: 2/2
    74 | D:1      | 74 ||| Stepping ~*~*~tactically~*~*~ (hiding).
    97 | D:1      | 97 ||| Stepping ~*~*~tactically~*~*~ (stealth).
    98 | D:1      | 98 ||| Stepping ~*~*~tactically~*~*~ (stealth).
   101 | D:1      | 101 ||| Stepping ~*~*~tactically~*~*~ (stealth).
   151 | D:1      | 151 ||| Stepping ~*~*~tactically~*~*~ (stealth).
   372 | D:1      | Reached skill level 3 in Axes
   485 | D:1      | Found a faded altar of an unknown god.
   911 | D:1      | 911 ||| READING scroll labelled VEHETTEVIU.
   912 | D:1      | 912 ||| READING 3 scrolls labelled XENEUK PUHOAS.
   916 | D:1      | 916 ||| READING scroll labelled XEIHON OSHRA.
   917 | D:1      | 917 ||| READING scroll labelled KUEHYM KAITZYIL.
   918 | D:1      | 918 ||| READING scroll labelled TODDI RAOSO.
   919 | D:1      | 919 ||| READING 4 scrolls labelled CUABUA XESOAHA.
   920 | D:1      | 920 ||| DRINKING 2 dark potions.
  1024 | D:1      | 1024 ||| READING 3 scrolls of identify.
  1024 | D:1      | 1024 ||| IDENTIFYING emerald potion
  1025 | D:1      | 1025 ||| READING 2 scrolls of identify.
  1025 | D:1      | 1025 ||| IDENTIFYING murky yellow potion
  1026 | D:1      | 1026 ||| DROPPING potion of invisibility.
  1027 | D:1      | 1027 ||| DROPPING potion of berserk rage.
  1115 | D:2      | Reached XP level 3. HP: 23/23 MP: 3/3
  1214 | D:2      | 1214 ||| UPGRADING to +2 war axe of electrocution.
  1215 | D:2      | 1215 ||| DROPPING +0 war axe.
  1297 | D:2      | 1297 ||| Stepping ~*~*~tactically~*~*~ (stealth).
  1333 | D:2      | 1333 ||| UPGRADING to amulet of the acrobat.
  1540 | D:2      | 1540 ||| DROPPING +0 club.
  1727 | D:2      | 1727 ||| READING scroll labelled MOK RIXZYOTY.
  1828 | D:2      | 1828 ||| READING scroll labelled RIPTUY FAORA.
  1829 | D:2      | 1829 ||| READING scroll labelled TAACYEN QYTT.
  1830 | D:2      | 1830 ||| DRINKING 2 sapphire potions.
  1831 | D:2      | 1831 ||| DROPPING potion of brilliance.
  2023 | D:3      | 2023 ||| Stepping ~*~*~tactically~*~*~ (stealth).
  2030 | D:3      | Reached XP level 4. HP: 28/28 MP: 4/4
  2110 | D:3      | 2110 ||| UPGRADING to +0 pair of gloves.
  2115 | D:3      | 2115 ||| DRINKING 2 silvery potions.
  2121 | D:3      | 2121 ||| DROPPING potion of degeneration.
  2132 | D:3      | Reached skill level 4 in Axes
  2727 | D:4      | Reached XP level 5. HP: 29/32 MP: 5/5
  2797 | D:4      | Noticed a black bear
  2802 | D:4      | Killed a black bear
  2803 | D:4      | Reached skill level 5 in Axes
  2878 | D:4      | 2878 ||| Stepping ~*~*~tactically~*~*~ (stealth).
  2978 | D:4      | Reached skill level 1 in Throwing
  2978 | D:4      | Reached XP level 6. HP: 37/37 MP: 6/6
  3141 | D:4      | Found a hide-covered altar of Uskayaw.
  3268 | D:4      | 3268 ||| READING scroll labelled BUCSAUVUUL.
  3269 | D:4      | 3269 ||| READING 3 scrolls of identify.
  3269 | D:4      | 3269 ||| IDENTIFYING fuming brown potion
  3284 | D:5      | Entered Level 5 of the Dungeon
  3284 | D:5      | Noticed Sigmund
  3288 | D:5      | Killed Sigmund
  3318 | D:5      | Reached skill level 1 in Dodging
  3318 | D:5      | Reached XP level 7. HP: 44/44 MP: 7/7
  3385 | D:5      | Reached skill level 6 in Axes
  3490 | D:5      | Noticed Blork the orc
  3491 | D:5      | 3491 ||| Stepping ~*~*~tactically~*~*~ (hiding).
  3493 | D:5      | 3493 ||| Stepping ~*~*~tactically~*~*~ (hiding).
  3494 | D:5      | 3494 ||| Stepping ~*~*~tactically~*~*~ (hiding).
  3495 | D:5      | 3495 ||| Stepping ~*~*~tactically~*~*~ (hiding).
  3501 | D:5      | Killed Blork the orc
  3556 | D:5      | Found a staircase to the Ecumenical Temple.
  3557 | D:5      | 3557 ||| PLANNING TEMPLE
  3560 | D:5      | 3560 ||| READING 5 scrolls of identify.
  3560 | D:5      | 3560 ||| IDENTIFYING grey potion
  3561 | D:5      | 3561 ||| DROPPING potion of ambrosia.
  3567 | Temple   | Entered the Ecumenical Temple
  3727 | Temple   | 3727 ||| PLANNING OKAWARU WORSHIP
  3810 | Temple   | Became a worshipper of Warmaster Okawaru
  3811 | Temple   | 3811 ||| PLANNING D:1-11
  3943 | D:5      | 3943 ||| Stepping ~*~*~tactically~*~*~ (stealth).
  3944 | D:5      | 3944 ||| Stepping ~*~*~tactically~*~*~ (stealth).
  3945 | D:5      | 3945 ||| Stepping ~*~*~tactically~*~*~ (stealth).
  4157 | D:6      | 4157 ||| Stepping ~*~*~tactically~*~*~ (hiding).
  4162 | D:6      | Reached skill level 7 in Axes
  4173 | D:6      | Reached XP level 8. HP: 49/49 MP: 8/8
  4215 | D:6      | 4215 ||| Stepping ~*~*~tactically~*~*~ (stealth).
  4383 | D:6      | Found a runed translucent gate.
  4386 | D:6      | 4386 ||| Stepping ~*~*~tactically~*~*~ (hiding).
  4386 | D:6      | Found a runed translucent gate.
  4387 | D:6      | 4387 ||| Stepping ~*~*~tactically~*~*~ (hiding).
  4387 | D:6      | Found a runed translucent gate.
  4387 | D:6      | Noticed qw's ghost (novice MiHu)
  4387 | D:6      | Noticed a kobold demonologist
  5089 | D:6      | 5089 ||| UPGRADING to +0 chain mail.
  5099 | D:6      | 5099 ||| DROPPING +0 scale mail.
  5126 | D:7      | 5126 ||| PLANNING OSSUARY
  5129 | D:7      | 5129 ||| STAIRDANCE
  5169 | D:7      | Reached * piety under Okawaru
  5170 | D:7      | 5170 ||| FLEEEEING.
  5171 | D:7      | 5171 ||| FLEEEEING.
  5172 | D:7      | 5172 ||| STAIRDANCE
  5197 | D:7      | 5197 ||| INVOKING Heroism.
  5199 | D:7      | Reached skill level 8 in Axes
  5212 | D:7      | Noticed a vampire
  5213 | D:7      | 5213 ||| Stepping ~*~*~tactically~*~*~ (stealth).
  5222 | D:7      | 5222 ||| DRINKING 2 potions of curing.
  5222 | D:7      | 5222 ||| (to cure confusion)
  5241 | D:7      | HP: 11/50 [something (2)]
  5242 | D:7      | Killed a vampire
  5243 | D:7      | Reached skill level 6 in Fighting
  5243 | D:7      | Reached skill level 1 in Invocations
  5246 | D:7      | 5246 ||| READING 2 scrolls of teleportation.
  5247 | D:7      | 5247 ||| INVOKING Heroism.
  5248 | D:7      | HP: 4/51 [white imp/puff of frost (9)]
  5251 | D:7      | 5251 ||| READING scroll of teleportation.
  5254 | D:7      | Slain by an orc warrior

Levels and vault maps discovered:
D:1:      giann_forest_graveyard, layout_basic,
          ebering_ecumenical_altar_sacrificial
D:2:      layout_loops_ring, serial_forest, infiniplex_forest_clump_small,
          infiniplex_forest_clump_C, infiniplex_forest_clump_double,
          infiniplex_forest_clump_tiny, infiniplex_forest_lined_ring,
          infiniplex_forest_clump_small, corexii_shack
D:3:      layout_loops_ring, hangedman_glass_teeth
D:4:      layout_basic, mainiacjoe_overflow_paths
D:5:      layout_rooms, minmay_temple_entry_hall, uniq_sigmund,
          uniq_blork_the_orc
D:6:      layout_basic, gammafunk_ghost_nasty_kobolds,
          minmay_misc_feat_more_columns
D:7:      layout_loops_ring, gup_ossuary_entry_pyramid, minmay_crystal_water,
          minmay_starry_boxes
Temple:   nicolae_temple_figure_eight

Skill      XL: |  1  2  3  4  5  6  7  8 |
---------------+-------------------------+-----
Axes           | 2 3 4 5 7 8 |  8.0
Throwing       | 1 2 |  2.3
Fighting       | 5 6 |  6.0
Dodging        | 1 |  1.0
Invocations    | 1 |  1.9
Armour         | |  3.3
Shields        | |  3.2

Action                     |  1- 3 |  4- 6 |  7- 9 || total
---------------------------+-------+-------+-------++-------
  Melee: War axe           |   125 |    64 |    82 ||   271
  Throw: Boomerang         |       |    28 |       ||    28
         Javelin           |       |    10 |    26 ||    36
 Invoke: Heroism           |       |       |     2 ||     2
    Use: Scroll            |    11 |     2 |     3 ||    16
         Potion            |     2 |     1 |     1 ||     4
 Armour: Scale mail        |    69 |    25 |    19 ||   113
         Chain mail        |       |       |    45 ||    45
  Dodge: Dodged            |    67 |    21 |    25 ||   113
  Block: Buckler           |    24 |    11 |     5 ||    40

Table legend:
 A = Non-vault XP
 B = Vault XP
 C = Vault XP percentage of total XP
 D = Non-vault monster count
 E = Vault monster count
 F = Vault count percentage of total count
                 A         B        C        D         E       F
            +---------+---------+-------+---------+---------+-------
      Total |    1724 |     321 |  15.7 |     101 |       3 |   2.9
            +---------+---------+-------+---------+---------+-------
        D:1 |      33 |       0 |   0.0 |      22 |       0 |   0.0
        D:2 |      30 |       3 |   9.1 |      12 |       1 |   7.7
        D:3 |      51 |       0 |   0.0 |      18 |       0 |   0.0
        D:4 |     234 |       0 |   0.0 |      16 |       0 |   0.0
        D:5 |     443 |     318 |  41.8 |       9 |       2 |  18.2
        D:6 |     385 |       0 |   0.0 |      14 |       0 |   0.0
        D:7 |     548 |       0 |   0.0 |      10 |       0 |   0.0
            +---------+---------+-------+---------+---------+-------
